 Dungeon Sprint DCSS version 0.21-a0-26-g7b23a2f (webtiles) character file.

9676 poirepourri the Imperceptible (level 11, -2/54 HPs)
             Began as a Spriggan Enchanter on May 25, 2017.
             Was the Champion of Dithmenos.
             Slain by Agnes
             ... wielding a +2 lajatang of protection
              (35 damage)
             ... in the Dungeon (Sprint VII: "The Pits").
             The game lasted 00:04:48 (2213 turns).

poirepourri the Imperceptible (Spriggan Enchanter)  Turns: 2213, Time: 00:04:49

Health: -2/54      AC: 10    Str:  4    XL:     11   Next: 26%
Magic:  21/30      EV: 27    Int: 16    God:    Dithmenos [******]
Gold:   0          SH:  0    Dex: 21    Spells: 27/39 levels left

rFire    . . .     SeeInvis +   u - +2 rapier (drain)
rCold    . . .     Gourm    .   (shield restricted)
rNeg     . . .     Faith    .   v - +0 acid dragon scales
rPois    .         Spirit   .   (helmet restricted)
rElec    .         Reflect  .   r - +0 cloak
rCorr    +         Harm     .   (gloves unavailable)
MR       +....     NoTele   +   (boots unavailable)
Stlth    ++++++++++             (no amulet)
Regen    0.2/turn               p - +3 ring of evasion
MPRegen  0.3/turn               q - +3 ring of protection

@: wreathed by umbra, very quick
A: unfitting armour, see invisible, herbivore 3, speed 3, slow metabolism 2
a: Shadow Step, Shadow Form, Renounce Religion


You were in the Dungeon.
You worshipped Dithmenos.
Dithmenos was exalted by your worship.
You were not hungry.

You visited 1 branch

Inventory:

Hand Weapons
 a - a +2 dagger of venom
 u - a +2 rapier of draining (weapon)
Armour
 b - a +0 robe
 r - a +0 cloak (worn)
 v - +0 acid dragon scales (worn)
Jewellery
 p - a +3 ring of evasion (left hand)
 q - a +3 ring of protection (right hand)
Scrolls
 j - a scroll of blinking
 l - 3 scrolls of remove curse
 m - 5 scrolls of amnesia
 n - a scroll of summoning
Potions
 e - 7 potions of curing
 f - 6 potions of heal wounds
 g - a potion of haste
 h - a potion of magic
 i - 4 potions of berserk rage
 k - 2 potions of invisibility
 s - a potion of might
 t - 2 potions of agility
Books
 c - a book of Maledictions

   Spells                             Type                      Level
   a - Corona                         Hexes                        1
   b - Ensorcelled Hibernation        Hexes/Ice                    2
   c - Confuse                        Hexes                        3
   d - Tukima's Dance                 Hexes                        3
   e - Dazzling Spray                 Conjuration/Hexes            3
Comestibles
 d - 8 bread rations
 o - 40 fruits


   Skills:
 + Level 4.3 Fighting
 + Level 9.6 Short Blades
 + Level 0.3 Armour
 + Level 10.9 Dodging
 + Level 22.6 Stealth
 + Level 14.8 Spellcasting
 + Level 0.7 Conjurations
 + Level 15.6 Hexes
 - Level 3.2 Ice Magic
 + Level 2.5 Invocations


You had 27 spell levels left.
You knew the following spells:

 Your Spells              Type           Power        Failure   Level  Hunger
a - Corona                Hex            ######.      1%          1    None
b - Ensorcelled Hibernat  Hex/Ice        #####.       1%          2    None
c - Confuse               Hex            ######..     1%          3    None
d - Tukima's Dance        Hex            ######..     1%          3    None
e - Dazzling Spray        Conj/Hex       #####.       1%          3    None


Dungeon Overview and Level Annotations

Branches:
Dungeon (1/1)

Altars:
Ashenzari
Cheibriados
Dithmenos
Elyvilon
Fedhas
Gozag
Hepliaklqana
Kikubaaqudgha
Makhleb
Nemelex Xobeh
Okawaru
Qazlal
Ru
Sif Muna
Trog
Uskayaw
Vehumet
Wu Jian
Xom
Yredelemnul
Zin
The Shining One
Beogh
Jiyva
Lugonu

Annotations:
D Agnes


Innate Abilities, Weirdness & Mutations

You are very small and have problems with some larger weapons.
You are too small for most types of armour.
You have supernaturally acute eyesight. (SInv)
You are a herbivore.
You cover ground extremely quickly.
You need consume almost no food.


Message History

Unknown command.
You see here an uncursed staff of death.
The centaur shouts!
There is an open door here.
Magic courses through your body.
Agnes hits you with a lajatang of protection!!
You emit a cloud of dark smoke.
Agnes misses you.
Casting: Dazzling Spray
Confirm with . or Enter, or press ? or * to list all spells.
Aiming: Ensorcelled Hibernation
Press: ? - help, Shift-Dir - straight line, f/p - Agnes
Aim: Agnes, wielding a lajatang of protection and wearing a robe (moderately wounded, umbra, chance to defeat MR: 8%) Agnes resists with almost no effort.
Your shadow mimicks your spell!
Agnes resists with almost no effort.
The centaur shouts!
The rime drake is no longer blind.
Agnes hits you with a lajatang of protection!!
Ouch! That really hurt!
You die...

####''######
..##''################ #### ##
..##..#..............###÷÷##....#
..##..##...†..........#..##.#.#.#
..##..####†.)#'######...##k.....#
..##..#..#####.##..†##'##.#.#.#.#
..##..#....##...#§§.#...#.....Yi#
..##..'.....#..§#§§.#.k.#.Y.....#
####..'.....'...@i§.Yc9Y(Y......+
####..'.....#..§#§..#Z..#Y.Y....#
[[##..#....##...#...#.†.#.......#
.[##..#..#####.##...##+##.#.#)#.#
))##..####...#'######...##......#
.)##..##)÷............#..##.#.#.#
))##..#..)......)....###..##....
###################### #### #####


You could see Agnes, 2 yaks, a rime drake, a gargoyle, a centaur (blind) and a
leopard gecko skeleton.

Vanquished Creatures
  An eidolon (D)
  A death yak (D)
  A sea snake (D)
  2 shadow wraiths (D)
  An unseen horror (D)
  A lindwurm (D)
  A deep elf mage (D)
  2 wolf spiders (D)
  A gargoyle (D)
  Joseph (D)
  2 efreet (D)
  An ice devil (D)
  A hellwing (D)
  A troll (D)
  2 guardian mummies (D)
  A bog body (D)
  A flying skull (D)
  A redback (D)
  A ynoxinul (D)
  Sigmund (D)
  A yak (D)
  2 fire bats (D)
  A wraith (D)
  A steam dragon (D)
  An acid dragon (D)
  A floating eye (D)
  A phantom (D)
  Purgy (D)
  A big kobold (D)
  A gnoll sergeant (D)
  2 bullfrogs (D)
  A scorpion (D)
  4 wights (D)
  A jelly (D)
  An iron imp (D)
  2 mummies (D)
  2 gnolls (D)
  An adder (D)
  A bat skeleton (D)
  A bat zombie (D)
  A giant cockroach (D)
  2 hobgoblins (D)
  6 jackals (D)
  A ball python (D)
61 creatures vanquished.

Vanquished Creatures (others)
  A leopard gecko (D)
1 creature vanquished.

Grand Total: 62 creatures vanquished

Notes
Turn   | Place    | Note
-------+----------+-------------------------------------------
     0 | D        | poirepourri the Spriggan Enchanter began the quest for the Orb.
     0 | D        | Reached XP level 1. HP: 9/9 MP: 5/5
    65 | D        | Found a bloodstained altar of Trog.
    65 | D        | Found a deep blue altar of Sif Muna.
    65 | D        | Found a viscous altar of Jiyva.
    65 | D        | Found a hazy altar of Hepliaklqana.
    65 | D        | Found an opulent altar of Gozag.
    66 | D        | Found a glowing golden altar of the Shining One.
    66 | D        | Found a glowing silver altar of Zin.
    66 | D        | Found a basalt altar of Yredelemnul.
    66 | D        | Found a shimmering altar of Xom.
    66 | D        | Found an ornate altar of the Wu Jian Council.
    66 | D        | Found a sacrificial altar of Ru.
    66 | D        | Found a stormy altar of Qazlal.
    66 | D        | Found an iron altar of Okawaru.
    66 | D        | Found a sparkling altar of Nemelex Xobeh.
    66 | D        | Found a burning altar of Makhleb.
    66 | D        | Found a blossoming altar of Fedhas.
    66 | D        | Found a white marble altar of Elyvilon.
    66 | D        | Found a shadowy altar of Dithmenos.
    66 | D        | Found a snail-covered altar of Cheibriados.
    70 | D        | Found a roughly hewn altar of Beogh.
    70 | D        | Found a corrupted altar of Lugonu.
    70 | D        | Found a radiant altar of Vehumet.
    71 | D        | Found a shattered altar of Ashenzari.
    71 | D        | Found an ancient bone altar of Kikubaaqudgha.
    71 | D        | Found a hide-covered altar of Uskayaw.
    80 | D        | Became a worshipper of Dithmenos the Shadowed
   110 | D        | Noticed a floating eye
   112 | D        | Killed a floating eye
   112 | D        | Reached skill level 9 in Stealth
   112 | D        | Reached skill level 5 in Spellcasting
   112 | D        | Reached XP level 2. HP: 13/13 MP: 6/9
   112 | D        | Reached XP level 3. HP: 16/16 MP: 6/10
   112 | D        | Reached XP level 4. HP: 21/21 MP: 7/12
   189 | D        | Learned a level 2 spell: Ensorcelled Hibernation
   194 | D        | Learned a level 3 spell: Confuse
   198 | D        | Learned a level 3 spell: Tukima's Dance
   202 | D        | Learned a level 3 spell: Dazzling Spray
   358 | D        | Reached * piety under Dithmenos
   363 | D        | Reached ** piety under Dithmenos
   436 | D        | Noticed Sigmund
   447 | D        | Killed Sigmund
   447 | D        | Reached skill level 12 in Stealth
   447 | D        | Reached XP level 5. HP: 22/24 MP: 7/14
   450 | D        | Reached XP level 6. HP: 26/28 MP: 4/16
   453 | D        | Reached *** piety under Dithmenos
   615 | D        | Noticed a fire bat
   623 | D        | Noticed Purgy
   625 | D        | Reached **** piety under Dithmenos
   625 | D        | Reached skill level 1 in Fighting
   625 | D        | Reached skill level 13 in Stealth
   625 | D        | Reached skill level 1 in Ice Magic
   634 | D        | Killed Purgy
   634 | D        | Reached skill level 10 in Hexes
   638 | D        | Reached skill level 14 in Stealth
   638 | D        | Reached XP level 7. HP: 33/33 MP: 0/19
   659 | D        | Killed a fire bat
   659 | D        | Reached ***** piety under Dithmenos
   683 | D        | Reached skill level 5 in Short Blades
   825 | D        | Noticed a flying skull
   853 | D        | Killed a flying skull
   938 | D        | Noticed an eidolon
   940 | D        | Killed an eidolon
   940 | D        | Reached skill level 16 in Stealth
   940 | D        | Reached skill level 10 in Spellcasting
   940 | D        | Reached XP level 8. HP: 40/40 MP: 20/23
  1082 | D        | Noticed a shadow wraith
  1094 | D        | Reached XP level 9. HP: 26/44 MP: 2/25
  1104 | D        | Reached ****** piety under Dithmenos
  1112 | D        | Killed a shadow wraith
  1112 | D        | Reached skill level 17 in Stealth
  1386 | D        | Noticed a lindwurm
  1390 | D        | Killed a lindwurm
  1390 | D        | Reached skill level 10 in Dodging
  1413 | D        | Noticed a deep elf mage
  1414 | D        | Noticed an efreet
  1414 | D        | Noticed a sea snake
  1414 | D        | Noticed Joseph
  1415 | D        | Killed a deep elf mage
  1422 | D        | Killed a sea snake
  1422 | D        | Reached skill level 18 in Stealth
  1422 | D        | Reached skill level 1 in Invocations
  1422 | D        | Reached XP level 10. HP: 36/49 MP: 12/28
  1441 | D        | Killed Joseph
  1767 | D        | Reached skill level 19 in Stealth
  1793 | D        | Noticed a wolf spider
  1793 | D        | Noticed a death yak
  1793 | D        | Noticed a gargoyle
  1795 | D        | Killed a wolf spider
  1797 | D        | Killed a death yak
  1797 | D        | Reached skill level 20 in Stealth
  1797 | D        | Reached skill level 15 in Hexes
  1799 | D        | Killed a gargoyle
  1929 | D        | Noticed a shadow wraith
  1931 | D        | Killed a shadow wraith
  1931 | D        | Reached skill level 21 in Stealth
  2028 | D        | Noticed an unseen horror
  2029 | D        | Noticed a wolf spider
  2033 | D        | Killed an unseen horror
  2033 | D        | Reached XP level 11. HP: 53/53 MP: 22/30
  2034 | D        | Killed a wolf spider
  2040 | D        | Reached skill level 22 in Stealth
  2185 | D        | Noticed Agnes
  2213 | D        | Slain by Agnes

Vault maps used:
D:        pitsprint

Skill      XL: |  1  2  3  4  5  6  7  8  9 10 11 |
---------------+----------------------------------+-----
Hexes          | 7 9 10 11 12 14 15 | 15.6
Dodging        | 4 6 8 9 10 | 10.9
Stealth        | 9 12 14 16 18 21 22 | 22.6
Spellcasting   | 5 6 7 10 11 13 14 | 14.8
Short Blades   | 2 3 7 9 |  9.6
Fighting       | 1 3 4 |  4.3
Ice Magic      | 1 2 3 |  3.2
Invocations    | 1 2 |  2.5
Armour         | |  0.3
Conjurations   | |  0.7

Action                   |  1- 3 |  4- 6 |  7- 9 | 10-12 || total
-------------------------+-------+-------+-------+-------++-------
Melee: Dagger            |     2 |    46 |    67 |       ||   115
       Rapier            |       |       |     7 |    36 ||    43
 Cast: Confuse           |       |     7 |    21 |     5 ||    33
       Ensorcelled Hiber |       |     4 |     8 |     2 ||    14
       Dazzling Spray    |       |       |     1 |     9 ||    10
Invok: Shadow Step       |       |       |     2 |     5 ||     7
  Use: Potion            |       |     1 |     5 |     1 ||     7
 Stab: Sleeping          |     2 |    10 |    11 |    17 ||    40
       Confused          |       |     7 |     6 |     5 ||    18
Armor: Robe              |       |     3 |     2 |       ||     5
       Acid dragon scale |       |       |       |     1 ||     1
Dodge: Dodged            |       |    88 |    66 |    24 ||   178
